 Seeded DCSS version 0.28.0-62-gf88900778d (webtiles) character file.

Game seed: 10077074884737061911 (custom seed)

47084 tkbsonic5 the Fighter (level 14, -7/66 (79) HPs)
             Began as a Vine Stalker Fighter on Nov 10, 2023.
             Was an Elder of Fedhas.
             Mangled by Rupert
             ... wielding a +5 triple sword of draining
              (13 damage)
             ... on level 13 of the Dungeon on Jan 2, 2024.
             The game lasted 00:53:42 (16440 turns).

tkbsonic5 the Fighter (Vine Stalker Fighter)       Turns: 16440, Time: 00:53:44

HP:   -7/66 (79)    AC: 29    Str: 28    XL:     14   Next: 40%
MP:   0/18          EV: 13    Int: 16    God:    Fedhas [****..]
Gold: 1211          SH: 11    Dex: 14    Spells: 13/13 levels left

rFire   . . .      SeeInvis +   u - +5 morningstar (freeze)
rCold   + . .      Faith    .   c - +1 buckler
rNeg    + . .      Spirit   +   k - +4 plate armour of Lucidity {rElec rC+ Str+4 Dex-5}
rPois   .          Reflect  +   d - +1 helmet "Salosm" {Rampage rCorr Int+5 Dex+2}
rElec   +          Harm     .   p - +2 cloak
rCorr   +          Rampage  +   m - +2 pair of gloves
Will    +....                   j - +2 pair of boots of Hedge Wizardry {Int+3}
Stlth   ..........              l - amulet of reflection
HPRegen 1.01/turn               A - ring "Diduss" {rElec Dex+6}
MPRegen 0.16/turn               h - ring of Adogogud {rN+ EV+4 Dex-3 SInv}

@: about to teleport, heavily drained
A: fangs 3, regeneration 1, magic shield, antimagic bite, no potion heal 2
a: Renounce Religion, Wall of Briars, Grow Ballistomycete, Overgrow


You were on level 13 of the Dungeon.
You worshipped Fedhas.
Fedhas was greatly pleased with you.
You visited 3 branches of the dungeon, and saw 20 of its levels.

You collected 1211 gold pieces.

Inventory:

Hand Weapons
 a - a +0 trident
 g - a +1 trident of venom
 u - a +5 morningstar of freezing (weapon)
Missiles
 i - 56 poisoned darts
 J - 7 curare-tipped darts
 K - 2 boomerangs (quivered)
 R - a throwing net
Armour
 c - a +1 buckler (worn)
 d - the +1 helmet "Salosm" (worn) {Rampage rCorr Int+5 Dex+2}
   (You found it on level 11 of the Dungeon)

   Int:       It affects your intelligence (+5).
   Dex:       It affects your dexterity (+2).
   rCorr:     It protects you from acid and corrosion.
   Rampage:   It bestows one free step when moving towards enemies.
 j - the +2 pair of boots of Hedge Wizardry (worn) {Int+3}
   (You acquired it on level 1 of the Dungeon)

   Int:       It affects your intelligence (+3).
 k - the +4 plate armour of Lucidity (worn) {rElec rC+ Str+4 Dex-5}
   (You acquired it on level 1 of the Dungeon)

   Str:       It affects your strength (+4).
   Dex:       It affects your dexterity (-5).
   rC:        It protects you from cold.
   rElec:     It insulates you from electricity.
 m - a +2 pair of gloves (worn)
 p - a +2 cloak (worn)
 r - the +7 Kryia's mail coat {PotionHeal*2 rC+}
   (You found it on level 2 of the Dungeon)

   Potions are twice as effective at healing its wearer.
   rC:        It protects you from cold.
 C - a +2 hat of stealth
 F - the +0 scale mail of Jipp {Str+2 Dex+3}
   (You found it on level 9 of the Dungeon)

   Str:       It affects your strength (+2).
   Dex:       It affects your dexterity (+3).
Jewellery
 b - an amulet of faith
 h - the ring of Adogogud (right hand) {rN+ EV+4 Dex-3 SInv}
   (You acquired it on level 1 of the Dungeon)

   [ring of evasion]

   EV:        It affects your evasion (+4).
   Dex:       It affects your dexterity (-3).
   rN:        It protects you from negative energy.
   SInv:      It lets you see invisible.
 l - an amulet of reflection (around neck)
 n - a ring of flight
 q - the amulet "Muesh" {RegenMP Harm Int+6}
   (You acquired it on level 7 of the Dungeon)

   [amulet of magic regeneration]

   It increases your rate of magic regeneration.
   Int:       It affects your intelligence (+6).
   Harm:      It increases damage dealt and taken.
 w - a ring of resist corrosion
 z - a ring of ice
 A - the ring "Diduss" (left hand) {rElec Dex+6}
   (You acquired it on level 3 of the Lair of Beasts)

   [ring of dexterity]

   Dex:       It affects your dexterity (+6).
   rElec:     It insulates you from electricity.
 E - an amulet of the acrobat
 Q - a +6 ring of intelligence
Wands
 y - a wand of charming (2)
 N - a wand of polymorph (1)
 S - a wand of digging (4)
 T - a wand of flame (19)
Scrolls
 v - 2 scrolls of immolation
 B - a scroll of enchant weapon {unknown}
 D - 3 scrolls of amnesia
 G - 2 scrolls of holy word
 L - 2 scrolls of magic mapping
 M - 5 scrolls of teleportation
 U - 2 scrolls of identify
 V - a scroll of enchant armour
Potions
 e - 3 potions of flight
 f - 2 potions of brilliance
 o - a potion of ambrosia
 s - 2 potions of mutation
 t - 2 potions of lignification
 x - 9 potions of curing
 H - a potion of haste
 P - a potion of berserk rage
Miscellaneous
 I - a box of beasts (inert)


   Skills:
 * Level 11.3 Fighting
 * Level 11.2 Maces & Flails
 - Level 8.3 Polearms
 * Level 5.4 Throwing
 * Level 7.1 Armour
 * Level 5.4 Dodging
 - Level 6.1 Shields
 + Level 4.4 Invocations
 + Level 7.1 Evocations


You had 13 spell levels left.
You didn't know any spells.
Your spell library contained the following spells:

 Spells                   Type           Power      Damage    Failure   Level
 Slow                     Hex            0%         N/A       97%         1
 Sting                    Tmut/Pois      0%         1d3       97%         1
 Poisonous Vapours        Pois/Air       0%         N/A       99%         2
 Sublimation of Blood     Necr           0%         N/A       99%         2
 Confusing Touch          Hex            0%         N/A       100%        3
 Conjure Flame            Conj/Fire      0%         6-21      100%        3
 Dazzling Flash           Conj/Hex       0%         N/A       100%        3
 Ignite Poison            Fire/Tmut/Pois 0%         N/A       100%        3
 Tukima's Dance           Hex            0%         N/A       100%        3
 Vampiric Draining        Necr           0%         2d6       100%        3
 Airstrike                Air            0%         N/A       100%        4
 Animate Armour           Summ/Erth      0%         N/A       100%        4
 Iskenderun's Mystic Bla  Conj/Tloc      0%         2d3       100%        4
 Olgreb's Toxic Radiance  Pois           0%         N/A       100%        4
 Passage of Golubria      Tloc           0%         N/A       100%        4
 Petrify                  Tmut/Erth      0%         N/A       100%        4
 Sticky Flame             Conj/Fire      0%         2d3       100%        4
 Summon Lightning Spire   Summ/Air       0%         N/A       100%        4
 Blade Hands              Tmut           0%         N/A       100%        5
 Irradiate                Conj/Tmut      0%         3d13      100%        5
 Iskenderun's Battlesphe  Conj           0%         2d6       100%        5
 Lightning Bolt           Conj/Air       0%         1d11      100%        5
 Yara's Violent Unravell  Hex/Tmut       0%         3d3       100%        5
 Iron Shot                Conj/Erth      0%         9d1       100%        6
 Starburst                Conj/Fire      0%         6d3       100%        6
 Spellforged Servitor     Conj/Summ      0%         N/A       100%        7


Dungeon Overview and Level Annotations

Branches:
Dungeon (14/15) Temple (1/1) D:7 Lair (5/6) D:8 Shoals (0/4) Lair:3 Spider (0/4) Lair:2 Orc (0/2) D:10 Vaults (0/5) D:13 D:14 Slime: Lair:5-6

Altars:
Ashenzari
Cheibriados
Dithmenos
Fedhas
Gozag
Hepliaklqana
Kikubaaqudgha
Makhleb
Qazlal
Sif Muna
Trog
Wu Jian
Xom
Yredelemnul
The Shining One

Annotations:
D:13 Rupert


Innate Abilities, Weirdness & Mutations

You have razor-sharp teeth.
Your natural rate of healing is unusually fast.
When hurt, damage is shared between your health and your magic reserves.
Your bite disrupts and absorbs the magic of your enemies.
Potions cannot restore your health.


Message History

Rupert hits your briar patch with a +5 triple sword of draining!!
Your briar patch is destroyed!
Your briar patch disappears in a puff of smoke!
The human hits your human! The human completely misses your human.
The human barely misses your human.
Your human misses the human.
You stalk carefully through the plants.
The human hits your human. The human barely misses your human.
Something hits your human.
Your human misses the human. The human hits your human.
Rupert hits you with a +5 triple sword of draining!
* * * LOW HITPOINT WARNING * * *
You partially resist.
You feel drained. The human barely misses your human.
Your human hits the human. Something hits your human.
Rupert hits your briar patch with a +5 triple sword of draining!!!
Your briar patch is destroyed!
Your briar patch disappears in a puff of smoke!
The human hits your human.
Okay, then.
As you read the scroll of teleportation, it crumbles to dust.
You feel strangely unstable. Something misses your human.
Your human closely misses the human.
The human misses your human.
Unknown command.
Aiming: Polymorph
Press: ? - help, Shift-Dir - straight line, f - Rupert, p - human
Aim: Rupert, wielding a +5 triple sword of draining and wearing a +0 ring mail (berserk, will become a quicksilver dragon, a dire elephant, or an alligator snapping turtle, chance to affect: 7%) Rupert resists with almost no effort.
Something completely misses your human.
Your human hits the human.
Rupert hits you with a +5 triple sword of draining!
* * * LOW HITPOINT WARNING * * *
You partially resist.
You feel drained.
* * * LOW HITPOINT WARNING * * *
The human hits your human.
Your human dies!
Unknown command.
You closely miss Rupert. Your bite misses Rupert.
Rupert hits you with a +5 triple sword of draining.
* * * LOW HITPOINT WARNING * * *
You partially resist.
You feel drained.
Rupert hits you with a +5 triple sword of draining!
You die...
Fedhas appreciates your contribution to the ecosystem.

##.........## #...###
#..........## #...#..
#...........#####...#..
#..........)........#..
#.......÷...........#..
#...................#..
#...................###
#......................
###..@@.####)..........
#..P..#..#......†....
#PpP..#..'.......<...
#P.####..#......#####
#†p#.....#......#....
#÷>.............#....
#..#.....#......#....
#..#.[...#......#....
#..#.....###....#....


You could see Rupert (berserk, ally target) and 2 humans.

Vanquished Creatures
  Gastronok (D:8)
  Fannar (Lair:3)
  A centaur warrior (D:10)
  7 hydras
  3 two-headed ogres
  A slime creature (D:12)
  Sonja (D:13)
  3 skeletal warriors
  A deep elf pyromancer (D:12)
  4 cyclopes
  5 manticores
  18 elephants
  Maurice (D:11)
  3 black mambas
  A rime drake (Lair:4)
  10 cane toads
  A kobold demonologist (D:12)
  3 unseen horrors
  7 komodo dragons
  A meliai (Lair:2)
  2 trolls
  2 polar bears
  2 hornets (D:7)
  A wind drake (Lair:3)
  7 blink frogs (Lair:3)
  2 wraiths (D:12)
  3 shadows
  9 humans
  A vampire (D:10)
  24 yaks
  2 basilisks
  A steam dragon (D:8)
  2 wyverns
  Menkaure (D:4)
  An acid dragon (D:11)
  11 vampire mosquitoes
  8 water moccasins
  An ice beast (D:5)
  6 orc warriors
  2 black bears
  2 swamp drakes
  2 necrophages (D:8)
  3 ogres
  10 wolves
  3 centaurs
  5 kobold brigands
  15 bullfrogs
  2 gnoll sergeants
  2 wyvern zombies (D:8)
  2 scorpions
  A water moccasin zombie (D:5)
  12 wights
  15 killer bees
  2 electric eels
  4 centaur zombies
  5 howler monkeys
  A jelly (D:6)
  A bullfrog zombie (D:5)
  2 hounds (D:7)
  8 orc priests
  A centaur skeleton (D:5)
  A gnoll shaman (D:7)
  6 iguanas
  6 orc wizards
  A killer bee zombie (D:4)
  23 gnolls
  3 adders
  A shadow imp (D:6)
  A white imp (D:6)
  4 dart slugs
  32 orcs
  5 bats
  10 endoplasms
  5 giant cockroaches
  13 goblins
  9 hobgoblins
  3 jackals (D:1)
  2 quokkas
  6 ball pythons
  3 frilled lizards (D:1)
  32 kobolds
  A quokka skeleton (D:4)
  7 rats
433 creatures vanquished.

Vanquished Creatures (collateral kills)
  A deep elf pyromancer (D:13)
1 creature vanquished.

Vanquished Creatures (others)
  2 humans (D:13)
  A bullfrog (Lair:4)
  A kobold (D:10)
  24 fungi
  33 plants
61 creatures vanquished.

Grand Total: 495 creatures vanquished

Notes
Turn   | Place    | Note
-------+----------+-------------------------------------------
     0 | D:1      | tkbsonic5 the Vine Stalker Fighter began the quest for the
                  | Orb.
     0 | D:1      | Reached XP level 1. HP: 11/11 MP: 2/2
    69 | D:1      | Reached XP level 2. HP: 4/16 MP: 3/3
   759 | D:1      | Reached XP level 3. HP: 18/20 MP: 2/4
  1157 | D:1      | Identified 4 scrolls of acquirement
  1157 | D:1      | Acquired the +2 pair of boots of Hedge Wizardry {Int+3}
  1166 | D:1      | Acquired the +4 plate armour of Lucidity {rElec rC+ Str+4
                  | Dex-5}
  1178 | D:1      | Acquired an amulet of reflection
  1185 | D:1      | Acquired the ring of Adogogud {rN+ EV+4 Dex-3 SInv}
  1342 | D:2      | Found a shimmering altar of Xom.
  1420 | D:2      | Found the +7 Kryia's mail coat {PotionHeal*2 rC+}
  1623 | D:2      | Found a faded altar of an unknown god.
  1636 | D:2      | Gained mutation: Your natural rate of healing is unusually
                  | fast. [Vine Stalker growth]
  1636 | D:2      | Reached XP level 4. HP: 24/24 MP: 5/5
  1946 | D:3      | Found a burning altar of Makhleb.
  1966 | D:3      | Reached XP level 5. HP: 29/29 MP: 6/6
  2280 | D:4      | You fall into a shaft and drop 2 floors!
  2320 | D:5      | Entered Level 5 of the Dungeon
  2474 | D:4      | Noticed an ogre
  2482 | D:4      | Killed an ogre
  2483 | D:4      | Reached XP level 6. HP: 10/34 MP: 2/7
  2602 | D:4      | Found a stormy altar of Qazlal.
  2642 | D:4      | Noticed Menkaure
  2646 | D:4      | Killed Menkaure
  2646 | D:4      | Noticed a black bear
  2647 | D:4      | Reached XP level 7. HP: 38/38 MP: 8/8
  2654 | D:4      | Reached skill level 5 in Fighting
  2904 | D:5      | Reached skill level 5 in Polearms
  2976 | D:5      | Gained mutation: You have razor-sharp teeth. [Vine Stalker
                  | growth]
  2976 | D:5      | Reached XP level 8. HP: 43/43 MP: 7/9
  3099 | D:5      | Found an ancient bone altar of Kikubaaqudgha.
  3182 | D:5      | Found a hazy altar of Hepliaklqana.
  3863 | D:6      | Found a shadowy altar of Dithmenos.
  4214 | D:7      | Reached skill level 5 in Shields
  4221 | D:7      | Noticed a manticore
  4233 | D:7      | Killed a manticore
  4234 | D:7      | Reached XP level 9. HP: 38/47 MP: 6/10
  4314 | D:7      | Noticed a hornet
  4321 | D:7      | Paralysed by a hornet for 2 turns
  4325 | D:7      | Killed a hornet
  4351 | D:7      | Noticed a hornet
  4359 | D:7      | Killed a hornet
  4375 | D:7      | Acquired the amulet "Muesh" {RegenMP Harm Int+6}
  4688 | D:7      | Found a staircase to the Ecumenical Temple.
  4845 | D:8      | Found a shimmering altar of Xom.
  4846 | D:8      | Found a broken altar of Ashenzari.
  4954 | D:8      | Reached skill level 1 in Maces & Flails
  4995 | D:8      | Found a flagged portal.
  5001 | D:8      | Found a staircase to the Lair.
  5142 | D:8      | Reached XP level 10. HP: 53/53 MP: 11/11
  5402 | D:8      | Noticed Gastronok
  5410 | D:8      | Killed Gastronok
  5858 | D:9      | Reached skill level 5 in Evocations
  5917 | D:9      | Reached skill level 5 in Maces & Flails
  6176 | D:9      | Reached XP level 11. HP: 58/58 MP: 12/12
  6275 | D:9      | Identified the +0 scale mail of Jipp {Str+2 Dex+3}
  6713 | D:10     | Entered Level 10 of the Dungeon
  6905 | D:10     | Noticed a centaur warrior
  6912 | D:10     | Killed a centaur warrior
  7370 | D:10     | Found a staircase to the Orcish Mines.
  7598 | D:11     | Noticed a manticore
  7605 | D:11     | Noticed a cyclops
  7609 | D:11     | Killed a manticore
  7610 | D:11     | Reached skill level 1 in Throwing
  7614 | D:11     | Killed a cyclops
  7663 | D:11     | Noticed a manticore
  7666 | D:11     | Killed a manticore
  7694 | D:11     | Identified the +1 helmet "Salosm" {Rampage rCorr Int+5
                  | Dex+2}
  7733 | D:11     | Noticed Maurice
  7745 | D:11     | Killed Maurice
  7746 | D:11     | Reached skill level 1 in Dodging
  7788 | D:11     | Noticed a two-headed ogre
  7794 | D:11     | Killed a two-headed ogre
  8203 | D:11     | Noticed a manticore
  8210 | D:11     | Killed a manticore
  8518 | Lair:1   | Entered Level 1 of the Lair of Beasts
  8594 | Temple   | Entered the Ecumenical Temple
  8649 | Temple   | Became a worshipper of Fedhas Madash
  9046 | Lair:1   | Reached XP level 12. HP: 65/65 MP: 13/13
  9771 | Lair:2   | Noticed a five-headed hydra
  9793 | Lair:2   | Killed a five-headed hydra
  9804 | Lair:2   | Reached * piety under Fedhas
 10079 | Lair:2   | Found a hole to the Spider Nest.
 10506 | Lair:3   | Noticed Fannar
 10542 | Lair:3   | Killed Fannar
 10630 | Lair:3   | Found a staircase to the Shoals.
 10999 | Lair:3   | Reached ** piety under Fedhas
 11000 | Lair:3   | Reached skill level 5 in Armour
 11234 | Lair:3   | Noticed a four-headed hydra
 11242 | Lair:3   | Killed a four-headed hydra
 11309 | Lair:3   | Reached XP level 13. HP: 72/72 MP: 14/14
 11573 | Lair:3   | Acquired the ring "Diduss" {rElec Dex+6}
 11760 | Lair:4   | Reached skill level 10 in Fighting
 11820 | Lair:4   | Reached skill level 10 in Maces & Flails
 12094 | Lair:4   | Reached skill level 1 in Invocations
 12372 | Lair:4   | Reached *** piety under Fedhas
 14488 | D:12     | Reached **** piety under Fedhas
 14747 | D:12     | Reached XP level 14. HP: 70/77 MP: 15/17
 15003 | D:12     | Found a bloodstained altar of Trog.
 15143 | D:13     | Reached skill level 5 in Dodging
 15254 | D:12     | Reached skill level 5 in Throwing
 15328 | D:13     | Found a shimmering altar of Xom.
 15328 | D:13     | Found a shimmering altar of Xom.
 15329 | D:13     | Found a shimmering altar of Xom.
 15329 | D:13     | Found a shimmering altar of Xom.
 15330 | D:13     | Found a shimmering altar of Xom.
 15330 | D:13     | Found a shimmering altar of Xom.
 15330 | D:13     | Found a shimmering altar of Xom.
 15550 | D:13     | Noticed Sonja
 15572 | D:13     | Killed Sonja
 15656 | D:13     | Found a shimmering altar of Xom.
 15656 | D:13     | Found a shimmering altar of Xom.
 15980 | D:14     | Noticed Rupert
 15980 | D:14     | Found a gate to the Vaults.
 15991 | D:14     | Paralysed by Rupert for 3 turns
 16440 | D:13     | Mangled by Rupert

Illustrated notes

Levels and vault maps discovered:
D:1:      erik_arrival_blinker_ship, layout_basic
D:2:      layout_basic, basic_altar, basic_ecumenical_altar
D:3:      layout_basic, mainiacjoe_overflow_tiny_flanked
D:4:      layout_basic, mainiacjoe_overflow_surrounded_room, uniq_menkaure
D:5:      layout_basic, kiku_gazebo_garden_becter,
          worldfamousw_hep_ancestral_shrine, serial_glass, glass_columns_a,
          glass_columns_b, glass_columns_a, glass_columns_b, glass_columns_a,
          glass_columns_a
D:6:      layout_cave_pods, nicolae_dithmenos_the_darkroom, grunt_decor_cap,
          serial_bayou_crossing
D:7:      layout_cave_pools, minmay_temple_entry_large_hall
D:8:      layout_gridville, mainiacjoe_overflow_catch_the_wave,
          nicolae_overflow_hidden_temple, lair_entry_dummy, enter_bailey_3,
          serial_undead, serial_undead_a, serial_undead_d, serial_undead_f,
          serial_undead_b, uniq_gastronok
D:9:      layout_long_grid, serial_glass, glass_columns_a, glass_columns_b
D:10:     layout_loops_ring, erik_orc_1
D:11:     layout_basic, uniq_maurice
D:12:     layout_cave_pods, trog_hazing_becter
D:13:     layout_irregular_city, xom_shifter_show, uniq_sonja
D:14:     layout_roguey, david_vaults_3, serial_bayou_pond_e
Temple:   jpeg_temple_clearing
Lair:1:   layout_loops_ring, chequers_serial_rivers_micro_a
Lair:2:   layout_chaotic_city, hellmonk_spider_entry_not_the_bees
Lair:3:   layout_gridlike, minmay_shoals_entry_beasts, beast_lair_carwin_7,
          lemuel_fruit_tree, grunt_megastairs_4, uniq_fannar
Lair:4:   layout_gridlike, serial_rivers, chequers_serial_rivers_room_b,
          chequers_serial_rivers_micro_a, chequers_serial_rivers_micro_b,
          chequers_serial_rivers_micro_e, beast_lair_carwin_4,
          infiniplex_staircase_pool_2, serial_bayou_shore_a
Lair:5:   layout_layer_cave

Skill      XL: |  1  2  3  4  5  6  7  8  9 10 11 12 13 14 |
---------------+-------------------------------------------+-----
Polearms       | 2 3 4 5 7 8 |  8.3
Fighting       | 3 4 5 7 8 9 10 11 | 11.3
Shields        | 3 4 5 6 |  6.1
Armour         | 3 4 5 6 7 |  7.1
Evocations     | 2 4 5 6 7 |  7.1
Maces & Flails | 2 6 8 9 10 11 | 11.2
Throwing       | 2 4 5 |  5.4
Dodging        | 2 3 4 5 |  5.4
Invocations    | 3 4 |  4.4

Action                   |  1- 3 |  4- 6 |  7- 9 | 10-12 | 13-15 || total
-------------------------+-------+-------+-------+-------+-------++-------
Melee: Trident           |   129 |   135 |   230 |       |       ||   494
       Bite              |    14 |    19 |    65 |   141 |   156 ||   395
       Morningstar       |       |       |    32 |   509 |   387 ||   928
Throw: Dart              |       |       |       |    42 |    33 ||    75
       Boomerang         |       |       |       |       |    52 ||    52
       Throwing net      |       |       |       |       |     1 ||     1
Invok: Wall of Briars    |       |       |       |     1 |     2 ||     3
       Overgrow          |       |       |       |       |     1 ||     1
Evoke: Wand              |       |       |    32 |    34 |    12 ||    78
       Box of beasts     |       |       |       |       |     2 ||     2
  Use: Scroll            |     5 |     1 |     7 |    13 |     9 ||    35
       Potion            |       |     4 |     1 |     5 |     2 ||    12
Armor: Scale mail        |    39 |       |       |       |       ||    39
       Plate armour      |    27 |    56 |    97 |   295 |   332 ||   807
Dodge: Dodged            |    52 |    47 |    88 |   239 |   208 ||   634
Block: Buckler           |    37 |    43 |   100 |   322 |   293 ||   795
       Reflection        |       |     1 |     6 |    10 |    10 ||    27
